 Dungeon Crawl Stone Soup version 0.26-a0-631-ged93497179 (webtiles) character file.

Game seed: 670561893052218122

777 MrRokkomies the Skirmisher (level 7, 0/61 HPs)
             Began as a Demigod Delver on Sept 12, 2020.
             Slain by Prince Ribbit (14 damage)
             ... on level 5 of the Dungeon.
             The game lasted 00:13:22 (5407 turns).

MrRokkomies the Skirmisher (Demigod Delver)         Turns: 5407, Time: 00:13:23

Health: 0/61       AC:  6    Str: 15    XL:     7   Next: 29%
Magic:  9/9        EV: 11    Int: 18    God:
Gold:   241        SH:  7    Dex: 17    Spells: 3/6 levels left

rFire    + . .     SeeInvis .   a - +1 dagger (drain)
rCold    . . .     Faith    .   n - +0 kite shield (curse)
rNeg     + . .     Spirit   .   r - +2 robe {rF+}
rPois    .         Reflect  .   s - +1 hat
rElec    .         Harm     .   A - +0 cloak (curse)
rCorr    .         Rampage  .   (no gloves)
MR       .....                  (no boots)
Stlth    +++.......             (no amulet)
HPRegen  0.20/turn              i - ring of positive energy
MPRegen  0.11/turn              (no ring)

@: no status effects
A: high mp 1
a: no special abilities


You were on level 5 of the Dungeon.
You visited 1 branch of the dungeon, and saw 5 of its levels.

You collected 241 gold pieces.

Inventory:

Hand Weapons
 a - a +1 dagger of draining (weapon)
 b - a +0 dagger of venom
 l - a -1 hunting sling
 u - a +0 falchion
Missiles
 m - 95 stones
 o - 4 boomerangs (quivered)
 w - 14 poisoned darts
Armour
 n - a cursed +0 kite shield (worn)
 r - a +2 robe of fire resistance (worn)
 s - a +1 hat (worn)
 A - a cursed +0 cloak (worn)
Jewellery
 i - a ring of positive energy (left hand)
Wands
 g - a wand of digging (3)
 x - a wand of enslavement (10)
Scrolls
 c - 3 scrolls of fog
 d - a scroll of magic mapping
 j - a scroll of teleportation {unknown}
 p - 2 scrolls of amnesia
 y - a scroll of enchant armour
Potions
 e - 4 potions of flight
 f - 3 potions of haste
 h - 2 potions of heal wounds {unknown}
 k - 3 potions of degeneration {unknown}
 q - a potion of ambrosia {unknown}
 t - a potion of curing
 v - 2 potions of brilliance
 z - 2 potions of lignification {unknown}


   Skills:
 * Level 5.4 Fighting
 + Level 2.6(3.6) Short Blades
 - Level 3.6(4.1) Long Blades
 + Level 3.6 Dodging
 - Level 4.5 Stealth
 * Level 2.1 Summonings


You had 3 spell levels left.
You knew the following spells:

 Your Spells              Type           Power        Failure   Level
a - Call Canine Familiar  Summ           #.......     88%         3

Your spell library contained the following spells:

 Spells                   Type           Power        Failure   Level
 Summon Small Mammal      Summ           #...         54%         1
 Call Imp                 Summ           #.......     67%         2
 Animate Skeleton         Necr           #.....       83%         1
 Apportation              Tloc           #.....       83%         1
 Corona                   Hex            #......      83%         1
 Summon Guardian Golem    Hex/Summ       #.......     96%         3
 Summon Ice Beast         Ice/Summ       #.......     100%        4
 Summon Lightning Spire   Summ/Air       #.......     100%        4


Dungeon Overview and Level Annotations

Branches:
Dungeon (5/15)             Temple (0/1) D:5

Shops:
D:4 (

Annotations:
D:5 Prince Ribbit


Innate Abilities, Weirdness & Mutations

You have an increased reservoir of magic. (+10% MP)


Message History

* * * LOW HITPOINT WARNING * * *
You feel better. Prince Ribbit hits you!!
* * * LOW HITPOINT WARNING * * *
Okay, then.
Unknown command.
You feel better.
Prince Ribbit blinks!
There is a stone staircase leading down here.
You hit Prince Ribbit.
Prince Ribbit looks as sick as possible!
Prince Ribbit is heavily wounded.
Prince Ribbit hits you.
* * * LOW HITPOINT WARNING * * *
Unknown command.
Okay, then.
Unknown command.
Your +0 dagger of venom stops dripping with poison.
You sense an unholy aura.
a - a +1 dagger of draining (weapon)
Prince Ribbit hits you!
You die...

##...#####.....†..)..........
######.........#########.........
.......#.####### ##..(#...#
########..# ###..###### ##.##
#.....# ...## ###'###.#
##...#######.....#.#
##...#..†.#.⌠.⌠.#.#
##....F@##.'..>..+.#
#.....>.####.⌠.⌠.#.# . #.......#
#.....#.# # #.......# ###+### #
##...(.## #.....# #)...(..
#.......# #.......#


You could see Prince Ribbit (extremely poisoned).

Vanquished Creatures
  Duvessa (D:5)
  A sky beast (D:5)
  A phantom (D:5)
  An ogre (D:4)
  2 scorpions (D:5)
  Dowan (D:5)
  2 hounds
  A centaur skeleton (D:4)
  Ijyb (D:3)
  A bullfrog skeleton (D:4)
  5 adders
  A shadow imp (D:5)
  An ufetubus (D:5)
  An ooze (D:5)
  An adder skeleton (D:4)
  4 dart slugs
  A leopard gecko (D:3)
  2 orcs
  2 ball pythons (D:1)
  3 giant cockroaches
  8 goblins
  5 hobgoblins
  10 jackals
  2 quokkas
  A bat (D:1)
  8 frilled lizards
  8 kobolds
  6 rats
81 creatures vanquished.

Notes
Turn   | Place    | Note
-------+----------+-------------------------------------------
     0 | D:5      | MrRokkomies the Demigod Delver began the quest for the Orb.
     0 | D:5      | Reached XP level 1. HP: 18/18 MP: 3/3
     0 | D:5      | Noticed Duvessa
     1 | D:5      | Noticed Dowan
     2 | D:5      | Noticed an ogre
    21 | D:4      | Noticed a hound
    77 | D:4      | Found a white marble altar of Elyvilon.
   516 | D:2      | Reached skill level 3 in Fighting
   516 | D:2      | Reached XP level 2. HP: 3/26 MP: 4/4
  1387 | D:1      | Reached XP level 3. HP: 29/31 MP: 5/5
  2283 | D:2      | Found an ancient bone altar of Kikubaaqudgha.
  2284 | D:2      | Found a bloodstained altar of Trog.
  2287 | D:2      | Found a hide-covered altar of Uskayaw.
  2392 | D:3      | Noticed Ijyb
  2546 | D:3      | Killed Ijyb
  2546 | D:3      | Reached XP level 4. HP: 38/40 MP: 6/6
  3109 | D:4      | Reached skill level 4 in Fighting
  3109 | D:4      | Reached XP level 5. HP: 37/46 MP: 7/7
  3539 | D:4      | Found Caaranay's Antique Weapon Emporium.
  4208 | D:4      | Killed an ogre
  4208 | D:4      | Reached skill level 1 in Short Blades
  4590 | D:5      | Killed Dowan
  4590 | D:5      | Reached XP level 6. HP: 41/53 MP: 8/8
  4673 | D:5      | Killed Duvessa
  4707 | D:5      | Learned a level 3 spell: Call Canine Familiar
  4772 | D:5      | Reached skill level 5 in Fighting
  4772 | D:5      | Reached skill level 1 in Summonings
  5016 | D:5      | Reached XP level 7. HP: 61/61 MP: 9/9
  5090 | D:5      | Noticed Prince Ribbit
  5351 | D:5      | Found a staircase to the Ecumenical Temple.
  5407 | D:5      | Slain by Prince Ribbit

Illustrated notes

Levels and vault maps discovered:
D:1:      psy_arrival_whirlpool, layout_basic, st_stairs_8
D:2:      layout_basic, minitemple
D:3:      layout_loops_ring, uniq_ijyb
D:4:      layout_basic, elyvilon_altar_1, serial_shops,
          nicolae_shop_overgrown_old_shop
D:5:      layout_rooms, minmay_temple_entry_hall, serial_shops, shop,
          uniq_duvessa, uniq_prince_ribbit1

Skill      XL: |  1  2  3  4  5  6  7 |
---------------+----------------------+-----
Long Blades    | 2 3 |  3.6
Fighting       | 3 4 5 |  5.4
Dodging        | 2 3 |  3.6
Short Blades   | 1 2 |  2.6
Summonings     | 1 2 |  2.1
Stealth        | |  4.5

Action                   |  1- 3 |  4- 6 |  7- 9 || total
-------------------------+-------+-------+-------++-------
Melee: Falchion          |    98 |       |       ||    98
       Dagger            |    63 |    88 |    62 ||   213
 Fire: Hunting sling     |    18 |       |       ||    18
Throw: Boomerang         |       |     6 |     7 ||    13
       Dart              |       |       |     2 ||     2
Evoke: Wand              |       |    12 |       ||    12
  Use: Scroll            |     4 |     6 |       ||    10
       Potion            |     2 |       |     2 ||     4
 Stab: Sleeping          |    13 |     8 |       ||    21
Armor: Leather armour    |    44 |    11 |       ||    55
       Ring mail         |     1 |       |       ||     1
       Robe              |       |     2 |    23 ||    25
Dodge: Dodged            |    80 |    31 |    27 ||   138
Block: Kite shield       |    41 |    26 |    29 ||    96
       Rpst.: Falchion   |    11 |       |       ||    11

Table legend: (Time is in decaauts)
 A = Elapsed time spent in this place.
 B = Non-inter-level travel time spent in this place.
 C = Inter-level travel time spent in this place.
 D = Time resting spent in this place.
 E = Time spent auto-exploring this place.
 F = Levels seen in this place.
 G = Mean time per level.
                   A        B        C        D        E       F      G
               +--------+--------+--------+--------+--------+-----+--------+
         Total |   5445 |   5015 |    430 |    950 |   3135 |   5 | 1089.0 |
       Dungeon |   5445 |   5015 |    430 |    950 |   3135 |   5 | 1089.0 |
               +--------+--------+--------+--------+--------+-----+--------+

Top non-repeatable levels by time:
     D:4: 1732 daAuts
     D:2: 1099 daAuts
     D:3: 958 daAuts
     D:1: 861 daAuts
     D:5: 793 daAuts
